 Dungeon Crawl Stone Soup version 0.29.1-14-g9c671dbff4 (webtiles) character file.

Game seed: 2496631547477645883

55 tizbic2 the Shooter (level 3, -3/29 HPs)
             Began as a Demigod Hunter on Feb 14, 2023.
             Killed by divine providence
             ... invoked by an orc priest
              (11 damage)
             ... on level 3 of the Dungeon.
             The game lasted 00:04:53 (1253 turns).

tizbic2 the Shooter (Demigod Hunter)                Turns: 1253, Time: 00:04:54

Health: -3/29      AC:  3    Str: 12    XL:     3   Next: 45%
Magic:  5/5        EV: 12    Int: 11    God:
Gold:   68         SH:  0    Dex: 21    Spells: 1/2 levels left

rFire   . . .      SeeInvis .   a - +1 rapier (speed)
rCold   . . .      Faith    .   (no shield)
rNeg    . . .      Spirit   .   c - +0 leather armour
rPois   .          Reflect  .   (no helmet)
rElec   .          Harm     .   (no cloak)
rCorr   .          Rampage  .   (no gloves)
Will    .....                   (no boots)
Stlth   ++........              (no amulet)
HPRegen 0.09/turn               (no ring)
MPRegen 0.09/turn               (no ring)

@: no status effects
A: high MP 1, forlorn, divine attributes
a: no special abilities


You were on level 3 of the Dungeon.
You visited 1 branch of the dungeon, and saw 3 of its levels.

You collected 68 gold pieces.

Inventory:

Hand Weapons
 a - a +1 rapier of speed (weapon)
 w - a +0 shortbow
Armour
 c - a +0 leather armour (worn)
 f - a +0 chain mail
Magical Staves
 g - a staff of fire
Scrolls
 b - 2 scrolls of immolation
 d - a scroll of amnesia {unknown}
 h - a scroll of enchant weapon {unknown}
 i - a scroll of teleportation {unknown}
Potions
 e - 2 potions of degeneration {unknown}
 j - a potion of invisibility {unknown}
 k - a potion of lignification {unknown}


   Skills:
 - Level 1.7 Fighting
 * Level 4.9 Ranged Weapons
 - Level 1.7 Dodging
 - Level 0.8 Stealth


You had one spell level left.
You knew the following spells:

 Your Spells              Type           Power      Damage    Failure   Level
a - Slow                  Hex            0%         N/A       41%         1

Your spell library contained the following spells:

 Spells                   Type           Power      Damage    Failure   Level
 Static Discharge         Conj/Air       0%         3-3/arc   56%         2
 Confusing Touch          Hex            0%         N/A       80%         3
 Gell's Gravitas          Tloc           0%         N/A       80%         3
 Teleport Other           Tloc           0%         N/A       80%         3
 Vampiric Draining        Necr           0%         2d6       80%         3
 Dispel Undead            Necr           0%         3d6       99%         4
 Sticky Flame             Conj/Fire      0%         2d3       99%         4
 Dispersal                Tloc           0%         N/A       100%        6


Dungeon Overview and Level Annotations

Branches:
Dungeon (3/15)

Shops:
D:1 *


Innate Abilities, Weirdness & Mutations

You have an increased reservoir of magic. (+10% MP)
You shall have no god before yourself.
Your divine heritage dramatically boosts your attributes as you level up.


Message History

Your hands tingle!
a - a +1 rapier of speed (weapon)
You hit the orc.
You kill the orc!
Things that are here:
a +0 club; an orc corpse You closely miss the orc.
The orc closely misses you.
You closely miss the orc.
The orc priest calls down the wrath of Beogh upon you.
Beogh smites you! The orc closely misses you.
You hit the orc.
The orc is moderately wounded.
You hit the orc but do no damage.
The orc is moderately wounded.
The orc hits you but does no damage.
You hit the orc.
The orc is severely wounded.
The orc hits you with a +0 dagger.
You closely miss the orc.
The orc is severely wounded.
The orc hits you with a +0 dagger.
You hit the orc.
You kill the orc!
You hit the orc priest.
The orc priest is lightly wounded.
You puncture the orc priest!
The orc priest is severely wounded.
The orc priest closely misses you.
You hit the orc priest but do no damage.
The orc priest is severely wounded.
The orc priest hits you with a +0 dagger.
You hit the orc priest but do no damage.
The orc priest is severely wounded.
The orc priest hits you with a +0 dagger.
* * * LOW HITPOINT WARNING * * *
You hit the orc priest.
The orc priest is almost dead.
The orc priest mumbles some strange prayers to Beogh against you.
Beogh smites you!
You die...

######.###
#.@o.)>...
#.########
#.########
#.........
#########.


You could see an orc priest.

Vanquished Creatures
  A gnoll (D:1)
  3 orcs (D:3)
  3 ball pythons
  5 endoplasms
  A giant cockroach (D:2)
  2 goblins (D:1)
  3 hobgoblins
  3 quokkas
  7 bats
  A frilled lizard (D:1)
  8 kobolds
  2 rats (D:1)
39 creatures vanquished.

Notes
Turn   | Place    | Note
-------+----------+-------------------------------------------
     0 | D:1      | tizbic2 the Demigod Hunter began the quest for the Orb.
     0 | D:1      | Reached XP level 1. HP: 17/17 MP: 3/3
     9 | D:1      | Found Zufryb's General Store.
    45 | D:1      | Reached skill level 4 in Ranged Weapons
    45 | D:1      | Reached XP level 2. HP: 24/24 MP: 4/4
   445 | D:1      | Reached XP level 3. HP: 29/29 MP: 5/5
  1136 | D:2      | Learned a level 1 spell: Slow
  1253 | D:3      | Killed from afar by an orc priest

Illustrated notes

Levels and vault maps discovered:
D:1:      dpeg_arrival_tiny_e, layout_loops_ring, serial_shops,
          nicolae_shop_crystal, chequers_serial_rivers_small_3, fountainhead,
          chequers_serial_rivers_small_b
D:2:      kb_forest_paths, layout_loops_ring, basic_altar,
          shapermc_ecumenical_altar_petra, hex_tiny, minmay_between
D:3:      layout_basic, serial_glass, glass_columns_b, glass_columns_c,
          reono_crystal_passage, minmay_quadrilaterals

Skill      XL: |  1 |
---------------+----+-----
Ranged Weapons | 4 |  4.9
Fighting       | |  1.7
Dodging        | |  1.7
Stealth        | |  0.8

Action                   || total
-------------------------++-------
Melee: Rapier            ||    13
 Fire: Shortbow          ||    68
Armor: Leather armour    ||    11
Dodge: Dodged            ||    21
